 Dungeon Crawl Stone Soup version 0.27.1 (webtiles) character file.

Game seed: 1666433187617627833

483 Naeght the Spear-Bearer (level 7, -1/46 (50) HPs)
             Began as a Merfolk Gladiator on Aug 23, 2021.
             Slain by Maggie (6 damage)
             ... on level 6 of the Dungeon.
             The game lasted 00:07:14 (3028 turns).

Naeght the Spear-Bearer (Merfolk Gladiator)         Turns: 3028, Time: 00:07:15

HP:   -1/46 (50)    AC:  4    Str: 17    XL:     7   Next: 12%
MP:   7/7           EV: 13    Int:  7    God:
Gold: 146           SH:  0    Dex: 15    Spells: 3/6 levels left

rFire    . . .     SeeInvis .   a - +0 trident
rCold    . . .     Faith    .   (no shield)
rNeg     . . .     Spirit   .   b - +0 leather armour
rPois    .         Reflect  .   c - +0 helmet
rElec    .         Harm     .   (no cloak)
rCorr    .         Rampage  .   (no gloves)
Will     .....                  (no boots)
Stlth    +.........             h - amulet of regeneration
HPRegen  1.15/turn              (no ring)
MPRegen  0.10/turn              (no ring)

@: drained
A: (nimble swimmer 2), mertail
a: no special abilities


You were on level 6 of the Dungeon.
You visited 1 branch of the dungeon, and saw 6 of its levels.

You collected 146 gold pieces.

Inventory:

Hand Weapons
 a - a +0 trident (weapon)
Missiles
 p - a throwing net
Armour
 b - a +0 leather armour (worn)
 c - a +0 helmet (worn)
Jewellery
 h - an amulet of regeneration (around neck)
 n - a ring of protection from cold
Wands
 o - a wand of acid (5) (quivered)
 t - a wand of flame (15)
Scrolls
 f - 3 scrolls of teleportation {unknown}
 g - a scroll of noise {unknown}
 i - a scroll of brand weapon {unknown}
 k - 2 scrolls of amnesia {unknown}
 l - a scroll of holy word {unknown}
 q - a scroll of identify
 s - a scroll of fog {unknown}
Potions
 d - a potion of mutation {unknown}
 e - 2 potions of curing
 j - 2 potions of flight
 m - a potion of invisibility
 r - a potion of resistance {unknown}


   Skills:
 - Level 2.1 Fighting
 * Level 9.5 Polearms
 - Level 2.0 Throwing
 - Level 4.0 Dodging
 * Level 4.3 Ice Magic


You had 3 spell levels left.
You knew the following spells:

 Your Spells              Type           Power      Damage    Failure   Level
a - Ozocubu's Armour      Ice            6%         N/A       28%         3

Your spell library contained the following spells:

 Spells                   Type           Power      Damage    Failure   Level
 Magic Dart               Conj           0%         1d3       50%         1
 Call Imp                 Summ           0%         N/A       65%         2
 Mephitic Cloud           Conj/Pois/Air  0%         N/A       86%         3
 Ozocubu's Refrigeration  Ice            3%         4d5       100%        7


Dungeon Overview and Level Annotations

Branches:
Dungeon (6/15)
 Temple: D:4-7

Altars:
Gozag

Annotations:
D:4 Sigmund
D:5 Eustachio
D:6 Maggie


Innate Abilities, Weirdness & Mutations

((You are quick and stealthy near water. (Stealth+, EV+, Speed+++)))
Your lower body shifts to a powerful aquatic tail in water.


Message History

Maggie is moderately wounded.
Maggie closely misses you.
You hit Maggie.
Maggie is moderately wounded.
Maggie zaps a wand.
The puff of flame hits you!
You are too injured to fight recklessly!
You are too injured to fight recklessly!
You are too injured to fight recklessly!
You are too injured to fight recklessly!
You are too injured to fight recklessly!
You are too injured to fight recklessly!
You are too injured to fight recklessly!
You are too injured to fight recklessly!
You are too injured to fight recklessly!
You are too injured to fight recklessly!
You are too injured to fight recklessly!
You are too injured to fight recklessly!
You are too injured to fight recklessly!
You are too injured to fight recklessly!
You are too injured to fight recklessly!
You are too injured to fight recklessly!
You are too injured to fight recklessly!
You are too injured to fight recklessly!
You are too injured to fight recklessly!
You are too injured to fight recklessly!
You are too injured to fight recklessly!
You are too injured to fight recklessly!
You are too injured to fight recklessly!
You are too injured to fight recklessly!
You are too injured to fight recklessly!
You closely miss Maggie.
Maggie is moderately wounded.
Maggie hits you with a +2 morningstar of draining!
* * * LOW HITPOINT WARNING * * *
You feel drained.
* * * LOW HITPOINT WARNING * * *
You hit Maggie but do no damage.
Maggie is moderately wounded.
Maggie hits you with a +2 morningstar of draining.
You die...

(...######.#
##.....##.....# ...##
#.# ####### ###### ####
#.## #..## ##..# ######
##.########## .....#
#..##......#
####.########.##......#
#...........#@@....#
##########.........#
####......# #......#
########


You could see Maggie.

Vanquished Creatures
  A kobold brigand (D:6)
  A bullfrog (D:6)
  A water moccasin skeleton (D:4)
  A centaur zombie (D:6)
  A hound (D:5)
  Natasha (thrice) (D:2)
  An iguana (D:6)
  4 gnolls
  A howler monkey zombie (D:5)
  A worm (D:2)
  A dart slug (D:2)
  2 orcs (D:4)
  5 ball pythons
  8 bats
  8 endoplasms
  2 giant cockroaches
  7 goblins
  5 hobgoblins
  6 jackals
  9 kobolds
  2 quokkas
  3 frilled lizards (D:1)
  5 rats
78 creatures vanquished.

Vanquished Creatures (others)
  8 toadstools (D:4)
8 creatures vanquished.

Grand Total: 86 creatures vanquished

Notes
Turn   | Place    | Note
-------+----------+-------------------------------------------
     0 | D:1      | Naeght the Merfolk Gladiator began the quest for the Orb.
     0 | D:1      | Reached XP level 1. HP: 16/16 MP: 1/1
    28 | D:1      | Found a faded altar of an unknown god.
   118 | D:1      | Reached skill level 5 in Polearms
   142 | D:1      | Reached XP level 2. HP: 20/22 MP: 2/2
   476 | D:1      | Reached skill level 6 in Polearms
   476 | D:1      | Reached XP level 3. HP: 27/27 MP: 3/3
   890 | D:2      | Noticed Natasha
   908 | D:2      | Killed Natasha
   909 | D:2      | Reached skill level 7 in Polearms
   909 | D:2      | Reached XP level 4. HP: 26/33 MP: 4/4
   922 | D:2      | Learned a level 3 spell: Ozocubu's Armour
  1090 | D:2      | Noticed Natasha
  1106 | D:2      | Killed Natasha
  1107 | D:2      | Reached skill level 1 in Ice Magic
  1160 | D:2      | Noticed Natasha
  1167 | D:2      | Killed Natasha
  1168 | D:2      | Reached XP level 5. HP: 34/38 MP: 5/5
  2046 | D:4      | Reached skill level 8 in Polearms
  2129 | D:4      | Reached XP level 6. HP: 8/44 MP: 6/6
  2129 | D:4      | HP: 2/44 [gnoll (7)]
  2232 | D:4      | Noticed Sigmund
  2266 | D:5      | Entered Level 5 of the Dungeon
  2323 | D:4      | Found an opulent altar of Gozag.
  2414 | D:4      | You fall into a shaft and drop 2 floors!
  2443 | D:5      | Noticed Eustachio
  2843 | D:6      | Reached skill level 9 in Polearms
  2933 | D:6      | Reached XP level 7. HP: 45/50 MP: 7/7
  3017 | D:6      | Noticed Maggie
  3028 | D:6      | Slain by Maggie

Illustrated notes

Levels and vault maps discovered:
D:1:      minmay_arrival_five_plusses, layout_loops_ring,
          hellmonk_ecumenical_altar_crossroads, hangedman_decor_points,
          minmay_tripent
D:2:      layout_rooms, serial_curves, eino_curves_03, eino_curves_02,
          eino_curves_01, uniq_natasha
D:3:      layout_loops_cross, kennysheep_generic_room_7
D:4:      layout_cave_pools, grunt_gozag_breadcrumbs, tgw_fedhas, serial_glass,
          glass_columns_c, glass_columns_a, minmay_liquid_box,
          dk_noncrumbling_4, item_on_display_a, uniq_sigmund
D:5:      layout_cave_pools, mainiacjoe_overflow_swirl, roderic_lattice_a,
          uniq_eustachio
D:6:      layout_rooms, minmay_temple_entry_hall, uniq_maggie, uniq_menkaure

Skill      XL: |  1  2  3  4  5  6 |
---------------+-------------------+-----
Polearms       | 5 6 7 8 9 |  9.5
Ice Magic      | 1 2 4 |  4.3
Fighting       | |  2.1
Throwing       | |  2.0
Dodging        | |  4.0

Action                   |  1- 3 |  4- 6 |  7- 9 || total
-------------------------+-------+-------+-------++-------
Melee: Trident           |   106 |   222 |     9 ||   337
Throw: Throwing net      |       |     3 |       ||     3
Evoke: Wand              |       |     2 |     1 ||     3
  Use: Scroll            |       |     3 |       ||     3
 Stab: Sleeping          |     1 |       |       ||     1
       Held in net/web   |       |     1 |       ||     1
Armor: Leather armour    |    23 |    49 |       ||    72
Dodge: Dodged            |    59 |   157 |     3 ||   219
